 Dungeon Crawl Stone Soup version 0.25.1-8-g42b30a86e7 (webtiles) character file.

Game seed: 7972995403745990512

182 JohnSpartan the Chopper (level 5, -21/47 HPs)
             Began as a Hill Orc Fighter on Dec 16, 2020.
             Was an Initiate of Dithmenos.
             Engulfed by a cloud of flame (33 damage)
             ... on level 4 of the Dungeon on Dec 17, 2020.
             The game lasted 00:23:56 (3276 turns).

JohnSpartan the Chopper (Hill Orc Fighter)          Turns: 3276, Time: 00:23:57

Health: -21/47     AC:  8    Str: 20    XL:     5   Next: 61%
Magic:  5/5        EV:  7    Int:  8    God:    Dithmenos [......]
Gold:   217        SH:  9    Dex: 10    Spells: 4/4 levels left

rFire    . . .     SeeInvis .   a - +0 war axe
rCold    . . .     Gourm    .   c - +0 kite shield
rNeg     . . .     Faith    .   b - +1 scale mail
rPois    .         Spirit   .   (no helmet)
rElec    .         Reflect  .   (no cloak)
rCorr    .         Harm     .   (no gloves)
MR       .....                  (no boots)
Stlth    ..........             (no amulet)
HPRegen  0.15/turn              (no ring)
MPRegen  0.09/turn              (no ring)

@: no status effects
A: no striking features
a: Renounce Religion


You were on level 4 of the Dungeon.
You worshipped Dithmenos.
Dithmenos was noncommittal.
You were full.

You visited 1 branch of the dungeon, and saw 4 of its levels.

You collected 217 gold pieces.

Inventory:

Hand Weapons
 a - a +0 war axe (weapon)
 l - a +0 hand axe
Armour
 b - a +1 scale mail (worn)
 c - a +0 kite shield (worn)
 h - a +0 pair of boots
Jewellery
 i - an uncursed ring of ice {unknown}
 v - a cursed amulet of inaccuracy
Wands
 A - a wand of disintegration (7)
Scrolls
 e - 2 scrolls of blinking
 j - a scroll of enchant armour
 k - a scroll of immolation
 m - a scroll of magic mapping
 n - a scroll of teleportation
 o - a scroll of fear {unknown}
 p - a scroll of enchant weapon {unknown}
 r - 2 scrolls of remove curse
 u - a scroll of random uselessness {unknown}
 w - a scroll of amnesia {unknown}
 x - a scroll of fog {unknown}
 y - 2 scrolls of identify
 z - a scroll of noise {unknown}
Potions
 d - 3 potions of might
 g - a potion of haste {unknown}
 q - 2 potions of brilliance {unknown}
 s - 2 potions of heal wounds {unknown}
 t - a potion of mutation {unknown}
Comestibles
 f - 4 rations


   Skills:
 + Level 4.4 Fighting
 + Level 4.7 Axes
 + Level 4.2 Armour
 + Level 0.9 Dodging
 + Level 4.2 Shields


You had 4 spell levels left.
You didn't know any spells.
Your spell library was empty.

Dungeon Overview and Level Annotations

Branches:
Dungeon (4/15)
 Temple: D:4-7

Altars:
Dithmenos
Gozag
Wu Jian


Message History

Here: a howler monkey (inner flame)
The floor.
Saving game... please wait.
Welcome back, JohnSpartan the Hill Orc Fighter.
Dithmenos says: Spread the eternal night.
Press ? for a list of commands and other information.
Saving game... please wait.
Welcome back, JohnSpartan the Hill Orc Fighter.
Dithmenos says: Spread the eternal night.
Press ? for a list of commands and other information.
You barely miss the howler monkey. The howler monkey hits you.
You slice the howler monkey!!
The howler monkey explodes!
The fiery explosion engulfs you!!
Ouch! That really hurt!
* * * LOW HITPOINT WARNING * * *
Dithmenos accepts your kill.
You are engulfed in blazing flames.
Ouch! That really hurt!
You die...

#...###.##############
#.#.###.### #......#
..........####.####.#
#.##.##........# #.#
#.##........# #.#
#..........## #.#
#..#.#'#.#######.##
#§.§...#......##..#
#..@.###......#####
#§#§.# #......# #.#..#
#<###### #.##%# ###
#.##.. #.##### #.. ###


There were no monsters in sight!

Vanquished Creatures
  A howler monkey (D:4)
  A worker ant (D:3)
  2 adders
  2 oozes (D:1)
  A worm (D:3)
  5 dart slugs
  3 leopard geckos
  An orc (D:3)
  4 giant cockroaches
  6 goblins
  8 hobgoblins
  9 kobolds
  2 quokkas
  4 ball pythons
  8 bats
  12 frilled lizards
  11 rats
80 creatures vanquished.

Notes
Turn   | Place    | Note
-------+----------+-------------------------------------------
     0 | D:1      | JohnSpartan the Hill Orc Fighter began the quest for the
                  | Orb.
     0 | D:1      | Reached XP level 1. HP: 19/19 MP: 1/1
   251 | D:1      | Reached XP level 2. HP: 25/27 MP: 2/2
   422 | D:1      | Reached XP level 3. HP: 31/33 MP: 3/3
  1241 | D:2      | Reached XP level 4. HP: 40/40 MP: 4/4
  1270 | D:2      | Found an ornate altar of the Wu Jian Council.
  2254 | D:3      | Found an opulent altar of Gozag.
  2599 | D:3      | Found a shadowy altar of Dithmenos.
  2605 | D:3      | Reached XP level 5. HP: 47/47 MP: 5/5
  2642 | D:3      | Became a worshipper of Dithmenos the Shadowed
  3276 | D:4      | Engulfed by a cloud of flame

Illustrated notes

Levels and vault maps discovered:
D:1:      dpeg_arrival_lava_temple_mockup, layout_basic, solitary_fountain,
          minmay_tromino_v4_a
D:2:      lemuel_upstairs_altar, layout_basic, nicolae_overflow_crystal_walls
D:3:      layout_rooms, nicolae_gozag_cash_rules_everything_around_me,
          lightli_temple_of_fire, nicolae_dithmenos_shadow_blocks,
          serial_bayou_lagoon_a, trog_wizard
D:4:      layout_basic, nicolae_overflow_hidden_temple, kennysheep_mini_moat,
          first_ration

Skill      XL: |  1  2  3  4 |
---------------+-------------+-----
Fighting       | 4 |  4.4
Axes           | 3 4 |  4.7
Shields        | 4 |  4.2
Armour         | 4 |  4.2
Dodging        | |  0.9

Action                   |  1- 3 |  4- 6 || total
-------------------------+-------+-------++-------
Melee: War axe           |    86 |   126 ||   212
  Use: Scroll            |       |     7 ||     7
  Eat: Chunk             |     1 |     5 ||     6
       Ration            |       |     2 ||     2
Armor: Scale mail        |    42 |    68 ||   110
Dodge: Dodged            |    45 |    39 ||    84
Block: Kite shield       |    53 |    75 ||   128
